Map: Polka LE

Players

qqq

  • Race: Zerg Zerg
  • Spawn Location: 11:00

Massa

  • Race: Terran Terran
  • League: Platinum
  • Spawn Location: 11:00

Utposten

  • Race: Terran Terran
  • League: Diamond
  • Spawn Location: 5:00

FizzyElf

  • Race: Zerg Zerg
  • League: Diamond
  • Spawn Location: 5:00

VOD

Have the link to the VOD?

Description

Time

  • Played on: Oct. 8, 2020, 3:15 p.m.
  • Length: 17:09
Show
View Real Time Build Order
Export as new Build Order

qqq Zerg 

Build Orders: Hatch First, Swarm Host 

Get SALT Encoding   

  12  0:03  Drone  
  13  0:09  Drone  
  14  0:38  Hatchery  
  14  0:40  Drone  
  14  0:54  Spawning Pool  
  13  1:02  Overlord  
  13  1:06  Drone  
  13  1:09  Extractor  
  13  1:13  Drone  
  14  1:20  Drone  
  15  1:34  Drone  
  15  1:36  Drone  
  17  1:42  Queen  
  19  1:49  Drone  
  19  1:52  Drone  
  21  1:57  Zergling x2  
  22  2:04  Drone  
  23  2:09  Drone  
  23  2:12  Drone  
  25  2:15  Metabolic Boost  
  25  2:20  Overlord  
  25  2:23  Drone  
  25  2:29  Queen  
  28  2:34  Overlord  
  28  2:38  Drone  
  28  2:41  Zergling x2  
  30  2:46  Zergling x2  
  31  2:53  Zergling x6  
  31  2:54  Zergling x2  
  31  2:55  Zergling x2  
  35  3:07  Drone, Roach Warren  
  35  3:10  Drone  
  36  3:17  Lair  
  36  3:19  Zergling x2  
  37  3:27  Overlord  
  37  3:28  Zergling x4  
  37  3:31  Drone  
  40  3:37  Extractor  
  37  3:58  Roach  
  37  3:59  Roach x2  
  37  4:00  Roach x2  
  46  4:13  Roach x2  
  46  4:15  Drone  
  51  4:23  Overlord  
  51  4:24  Overlord  
  51  4:29  Glial Reconstitution  
  51  4:33  Overlord  
  51  4:34  Overlord  
  51  4:48  Roach  
  51  4:50  Drone x2  
  55  4:54  Hatchery  
  55  4:55  Roach  
  56  5:12  Roach x2  
  56  5:13  Drone x2, Roach  
  64  5:16  Ravager  
  64  5:18  Roach  
  67  5:41  Roach x3  
  67  5:42  Drone x5  
  78  5:52  Roach  
  80  5:58  Evolution Chamber  
  80  5:59  Drone  
  80  6:00  Drone x2  
  80  6:01  Drone  
  81  6:13  Spore Crawler  
  81  6:14  Spore Crawler  
  81  6:15  Drone  
  81  6:16  Queen  
  82  6:23  Drone  
  82  6:24  Hydralisk Den  
  82  6:25  Drone, Spore Crawler  
  83  6:26  Spore Crawler  
  78  6:39  Pneumatized Carapace  
  78  6:41  Drone x4  
  78  6:42  Drone  
  78  6:43  Drone  
  78  6:44  Drone x2  
  86  6:47  Spore Crawler  
  86  6:51  Spore Crawler  
  86  6:53  Hydralisk  
  84  6:57  Muscular Augments  
  86  7:03  Drone, Extractor  
  86  7:04  Drone x2  
  88  7:09  Extractor, Hydralisk  
  85  7:30  Drone x2  
  85  7:31  Drone x2  
  85  7:34  Spore Crawler  
  88  7:40  Overlord x3  
  88  7:41  Drone  
  89  7:57  Overlord  
  89  8:01  Zerg Missile Weapons Level 1  
  89  8:03  Hatchery  
  88  8:07  Drone x2  
  87  8:26  Hydralisk x2  
  87  8:27  Hydralisk x3  
  60  8:28  Roach x3  
  60  8:29  Roach x3  
  72  8:41  Roach x2  
  72  8:42  Roach x4  
  72  8:43  Roach  
  86  8:49  Grooved Spines  
  86  8:50  Roach  
  86  8:51  Roach  
  86  8:55  Roach x2  
  94  9:03  Zergling x4  
  94  9:04  Roach x3  
  94  9:05  Roach  
  104  9:11  Overlord x2  
  104  9:13  Roach x2  
  104  9:15  Roach  
  110  9:23  Overlord x2  
  110  9:35  Burrow  
  110  9:39  Tunneling Claws  
  110  9:40  Drone  
  110  9:41  Drone x4  
  110  9:44  Roach  
  117  9:59  Drone x2  
  119  10:11  Hydralisk x3  
  119  10:12  Hydralisk x4  
  133  10:21  Zerg Ground Armor Level 1  
  133  10:32  Roach x24  
  130  10:59  Infestation Pit  
  129  11:05  Extractor  
  129  11:07  Extractor  
  129  11:11  Hydralisk, Roach x4  
  135  11:12  Overlord x4  
  135  11:13  Overlord x6  
  135  11:14  Overlord  
  137  11:25  Lurker Den  
  136  11:39  Swarm Host, Roach x3  
  142  11:40  Roach, Swarm Host x3  
  142  11:42  Swarm Host  
  157  11:53  Swarm Host x2  
  155  12:03  Drone x2  
  157  12:16  Zerg Melee Weapons Level 1, Swarm Host x4  
  169  13:09  Swarm Host x3  
  169  13:10  Swarm Host x6  
  196  13:22  Hive  
  196  14:20  Hydralisk  
  198  14:27  Zerg Melee Weapons Level 2  
  187  14:56  Nydus Network  
  186  15:35  Nydus Canal  
  106  16:28  Hydralisk x2  
  106  16:29  Hydralisk x4  
  110  16:49  Lurker  
  106  16:58  Hatchery  
Show
View Real Time Build Order
Export as new Build Order

Massa Terran 

Build Orders:  

Get SALT Encoding   

  12  0:01  SCV  
  13  0:13  SCV  
  14  0:26  SCV  
  15  0:29  Supply Depot  
  15  0:51  SCV  
  15  0:53  Barracks  
  16  0:57  Refinery  
  16  1:00  Refinery  
  16  1:03  SCV  
  17  1:15  SCV  
  18  1:27  SCV  
  20  1:40  Reaper  
  20  1:43  Orbital Command  
  20  1:54  Command Center  
  20  2:09  SCV  
  20  2:12  Marine  
  22  2:21  Factory  
  22  2:24  SCV  
  23  2:44  Supply Depot  
  23  3:05  SCV  
  24  3:07  Supply Depot  
  24  3:09  Barracks Reactor, Factory Tech Lab  
  23  3:15  Orbital Command  
  23  3:17  SCV  
  24  3:26  Barracks  
  24  3:27  Starport  
  24  3:29  SCV  
  24  3:30  Siege Tank  
  28  3:41  SCV  
  28  3:43  SCV  
  30  3:53  SCV  
  30  3:54  Marine x2  
  30  3:55  SCV  
  34  4:11  Marine  
  34  4:12  Marine  
  34  4:13  SCV x2  
  34  4:15  Barracks Reactor  
  38  4:17  Barracks Tech Lab  
  38  4:21  Siege Tank  
  38  4:23  Medivac  
  43  4:25  SCV x2  
  43  4:29  Marine x2  
  47  4:37  SCV x2  
  47  4:38  Engineering Bay  
  49  4:41  Marauder  
  51  4:47  Refinery, Marine x2  
  51  4:49  SCV  
  51  4:51  Supply Depot  
  54  4:52  Supply Depot  
  54  4:57  Supply Depot  
  54  5:02  Supply Depot  
  54  5:10  Stimpack  
  54  5:12  Liberator, Marine x2, SCV  
  54  5:13  Marauder  
  62  5:14  SCV  
  62  5:18  Widow Mine  
  65  5:26  SCV  
  66  5:30  Marine x2  
  62  5:37  Marauder  
  62  5:40  Siege Tank  
  67  5:48  Marine x2  
  69  5:52  Refinery  
  69  5:55  Command Center  
  69  5:57  Missile Turret  
  69  5:59  Marauder  
  71  6:06  Marine  
  71  6:09  Missile Turret  
  71  6:10  Missile Turret  
  72  6:14  Missile Turret  
  72  6:19  Missile Turret  
  72  6:31  Missile Turret  
  72  6:32  Marauder, Marine x2  
  75  6:33  Missile Turret  
  76  6:49  Missile Turret  
  76  6:50  Marine x2, Combat Shield  
  76  6:53  Marauder  
  80  6:54  Missile Turret  
  80  7:08  Marine x2  
  82  7:19  Orbital Command  
  82  7:26  Marine  
  83  7:33  Marauder, Marine  
  86  7:43  Marine  
  87  7:51  Marine  
  88  7:55  Marauder  
  85  8:01  Marine  
  69  8:05  Viking  
  84  8:08  Marine  
  87  8:16  Marauder  
  87  8:19  Marine  
  90  8:26  Marine  
  75  8:35  Viking  
  75  8:37  Marauder, Marine  
  75  8:38  Siege Tank  
  83  8:44  Marine  
  84  8:53  SCV  
  84  8:54  SCV  
  84  8:55  Marine  
  87  8:59  Marauder  
  87  9:02  Orbital Command, Marine  
  90  9:05  SCV  
  90  9:06  SCV  
  92  9:10  Missile Turret, Siege Tank  
  92  9:11  Missile Turret x2  
  92  9:12  Marine  
  96  9:18  SCV x2  
  96  9:20  Marauder, Marine  
  101  9:34  Missile Turret x3  
  101  9:43  Supply Depot x2  
  101  9:45  Supply Depot  
  101  9:46  Supply Depot  
  101  9:47  Supply Depot x2  
  101  9:48  Armory  
  101  9:49  Supply Depot  
  101  10:04  SCV x2, Marine x2  
  101  10:05  Marauder  
  101  10:06  Supply Depot  
  107  10:15  Starport Reactor  
  107  10:17  SCV x2  
  106  10:22  Marine  
  106  10:26  Marauder  
  83  10:38  SCV x3  
  86  10:47  Marauder  
  88  10:50  SCV x3  
  91  11:00  Marine x2  
  91  11:02  SCV  
  91  11:03  SCV  
  95  11:09  Marauder  
  95  11:10  Viking  
  95  11:11  Barracks, Viking  
  101  11:13  Barracks  
  101  11:15  Refinery  
  101  11:16  Barracks  
  101  11:17  Marine  
  101  11:18  Refinery, Marine  
  103  11:24  Sensor Tower  
  103  11:30  Marauder  
  105  11:35  Marine  
  105  11:36  Marine  
  107  11:40  Viking  
  107  11:41  Viking  
  111  11:52  Marauder  
  111  11:53  Marine x2  
  115  12:10  Viking  
  115  12:13  Marauder  
  119  12:18  Viking  
  121  12:40  Viking  
  119  12:48  Viking  
  121  13:01  Marauder  
  121  13:02  Marine x2  
  125  13:05  Barracks Tech Lab  
  125  13:06  Barracks Reactor, Barracks Tech Lab  
  125  13:10  Viking  
  127  13:18  Viking  
  127  13:19  Marine, Command Center  
  129  13:22  Marauder  
  132  13:27  Command Center  
  132  13:40  Medivac  
  134  13:44  Marauder  
  134  13:48  Medivac  
  132  14:05  Marauder  
  131  14:10  Medivac  
  127  14:18  Medivac  
  127  14:26  Marauder  
  127  14:27  Marauder x2, Marine  
  127  14:28  Marine x2  
  134  14:48  Marauder x3  
  140  14:57  Viking x2  
  144  15:09  Marauder x2  
  144  15:10  Marauder  
  150  15:14  Engineering Bay  
  150  15:19  Marine x4  
  154  15:27  Viking x2  
  158  15:31  Marauder x3  
  162  15:37  Marine x4  
  166  15:52  Marauder x3  
  166  15:54  Marine  
  166  15:55  Marine x3  
  176  15:57  Viking  
  116  16:12  Marine  
  116  16:13  Marauder, Marine x3  
  116  16:14  Marauder x2  
  116  16:15  SCV  
  116  16:17  SCV  
  90  16:27  SCV  
  90  16:29  SCV  
  90  16:31  Marine  
  76  16:35  Marauder x2  
  76  16:39  SCV  
  69  16:41  SCV  
  69  16:42  Command Center  
  52  16:52  SCV  
  52  16:53  SCV  
  47  16:54  Command Center  
  47  16:58  Command Center  
Show
View Real Time Build Order
Export as new Build Order

Utposten Terran 

Build Orders:  

Get SALT Encoding   

  12  0:00  SCV  
  13  0:12  SCV  
  14  0:18  Supply Depot  
  14  0:24  SCV  
  14  0:28  Refinery  
  15  0:39  SCV  
  16  0:44  Barracks  
  16  0:51  SCV  
  16  0:56  Refinery  
  17  1:03  SCV  
  18  1:16  SCV  
  19  1:31  Orbital Command  
  19  1:32  Reaper  
  20  1:36  Factory  
  20  1:48  Supply Depot  
  20  1:57  SCV  
  21  2:04  Reaper  
  22  2:09  SCV  
  22  2:12  Supply Depot  
  23  2:20  Hellion  
  23  2:21  SCV  
  26  2:33  SCV  
  26  2:36  Reaper  
  28  2:41  Hellion  
  30  2:47  Command Center  
  30  2:50  SCV  
  31  2:59  Starport  
  31  3:04  Factory Tech Lab  
  31  3:13  Barracks Tech Lab  
  31  3:14  SCV  
  32  3:20  Barracks  
  32  3:25  Siege Tank  
  35  3:33  Supply Depot  
  35  3:39  Stimpack  
  35  3:42  SCV  
  36  3:57  Starport Reactor  
  36  3:58  Marine  
  37  4:16  Marine  
  38  4:17  Orbital Command  
  38  4:21  SCV  
  38  4:23  Barracks Reactor  
  39  4:24  Siege Tank  
  42  4:33  SCV  
  42  4:34  Marine  
  42  4:38  Medivac  
  46  4:43  Refinery, SCV  
  47  4:46  SCV  
  47  4:52  Marine  
  49  4:55  SCV  
  49  4:58  SCV  
  51  5:00  Barracks  
  51  5:10  Marine  
  52  5:27  Marine  
  53  5:32  Refinery  
  53  5:33  Command Center  
  52  5:40  SCV x2  
  52  5:41  Siege Tank  
  57  5:43  Marine x2  
  57  5:45  Marine  
  60  5:50  Barracks  
  60  5:51  Barracks x2  
  60  5:52  SCV x2  
  62  6:07  Supply Depot  
  62  6:08  Supply Depot  
  62  6:11  Marine x4  
  62  6:18  SCV x2  
  68  6:29  Marine x2  
  68  6:30  SCV x2, Supply Depot  
  72  6:37  Marine x2  
  74  6:41  Barracks Tech Lab  
  74  6:43  SCV  
  74  6:45  SCV  
  74  6:47  SCV, Marine x2  
  76  6:50  Barracks Reactor  
  76  6:51  Barracks Reactor  
  79  6:55  Marine x2  
  79  6:58  Siege Tank  
  84  7:03  Engineering Bay  
  84  7:04  Marine x2  
  84  7:05  Engineering Bay  
  86  7:10  Orbital Command  
  86  7:13  Marine x2  
  86  7:22  Marine  
  86  7:25  Combat Shield  
  86  7:26  Marine, Concussive Shells  
  86  7:27  Marauder x2  
  92  7:30  SCV x2  
  94  7:49  Marauder x2  
  97  7:53  Marine x2  
  103  8:00  Liberator x2  
  105  8:10  Marauder  
  105  8:11  Marauder  
  109  8:12  Terran Infantry Weapons Level 1  
  109  8:13  Terran Infantry Armor Level 1  
  109  8:22  Marine x2  
  109  8:25  Marine  
  109  8:26  Marine  
  109  8:30  Marine x3  
  109  8:32  Marauder  
  108  8:37  Supply Depot  
  108  8:40  Marine, Supply Depot x3  
  109  8:43  Command Center  
  109  8:58  Marine, Siege Tank  
  109  8:59  Marauder x2  
  117  9:05  SCV x3  
  120  9:10  Supply Depot  
  120  9:12  Medivac x2  
  124  9:17  SCV x2  
  124  9:18  SCV  
  124  9:20  Marauder x2  
  131  9:29  Marine x4  
  131  9:30  Marine x3  
  131  9:31  Siege Tank  
  141  9:34  Supply Depot  
  141  9:35  Supply Depot  
  141  9:37  SCV x2  
  141  9:38  Armory  
  143  9:41  Marauder  
  143  9:42  Marauder  
  147  9:47  Marine  
  148  9:57  Marine x3  
  148  9:58  Marine x2  
  154  10:03  Marauder x2  
  154  10:04  Barracks Reactor  
  153  10:08  Starport  
  147  10:17  Viking  
  147  10:18  Viking  
  147  10:19  Marine x5  
  147  10:20  Marine  
  157  10:24  Marauder x2  
  141  10:37  Marine x6  
  141  10:42  Marine x2  
  149  10:46  Marauder x2  
  153  10:53  Medivac x2  
  153  10:55  Marine x5  
  162  10:57  Orbital Command  
  162  10:59  Supply Depot  
  162  11:02  Terran Infantry Weapons Level 2  
  162  11:03  Supply Depot  
  162  11:06  Refinery  
  162  11:07  Marauder x2  
  162  11:08  Refinery  
  166  11:15  Marine x2  
  166  11:16  Marine x2  
  170  11:22  Starport Reactor  
  170  11:28  Marauder x2  
  174  11:51  Marine x3  
  174  11:52  Marauder x2, Marine x4  
  174  11:53  Viking  
  186  12:02  Marine  
  184  12:08  Terran Infantry Armor Level 2  
  184  12:09  Marine x4  
  184  12:14  Marauder x2  
  188  12:24  Orbital Command, Viking x2  
  192  12:35  Marauder  
  194  12:54  Viking x2  
  195  13:04  SCV  
  196  13:21  Supply Depot  
  196  13:24  Armory  
  196  13:27  Terran Vehicle And Ship Armor Level 1  
  196  13:32  Command Center  
  196  13:34  Command Center  
  196  13:43  SCV x4, Siege Tank  
  194  14:58  Starport  
  194  15:05  Factory  
  194  15:06  Orbital Command x2  
  192  15:27  Viking  
  192  15:28  Viking  
  196  15:30  Viking x2  
  198  15:49  Starport Reactor  
  198  15:57  Viking  
  194  16:10  Marauder, Marine x5  
  194  16:11  Marauder, Marine x3  
  179  16:27  Marine x2  
  179  16:28  Marine x4  
  179  16:29  Marine x2  
  179  16:32  Marauder x2  
Show
View Real Time Build Order
Export as new Build Order

FizzyElf Zerg 

Build Orders: Hatch First, Brood Lord Corruptor 

Get SALT Encoding   

  12  0:01  Drone  
  13  0:12  Overlord  
  13  0:17  Drone  
  14  0:30  Drone x2  
  14  0:35  Drone  
  17  0:56  Hatchery, Extractor  
  15  1:08  Spawning Pool  
  15  1:11  Drone  
  15  1:14  Drone  
  16  1:20  Drone  
  16  1:23  Drone  
  18  1:33  Drone  
  19  1:43  Drone  
  20  1:54  Overlord  
  20  1:56  Queen  
  20  1:57  Metabolic Boost  
  22  2:07  Queen  
  24  2:10  Drone  
  26  2:15  Drone  
  26  2:16  Drone  
  27  2:26  Drone  
  28  2:31  Drone  
  28  2:33  Drone  
  30  2:42  Drone  
  31  2:53  Overlord  
  31  3:12  Zergling x2  
  32  3:13  Zergling x12  
  38  3:25  Lair  
  38  3:27  Extractor, Drone  
  38  3:31  Hatchery  
  38  3:33  Zergling x2  
  38  3:34  Zergling x6  
  40  4:10  Drone x3  
  43  4:24  Overlord x3  
  43  4:27  Extractor  
  43  4:30  Extractor  
  41  4:36  Drone x2  
  41  4:37  Spire  
  42  4:41  Drone  
  42  4:42  Drone x2  
  42  4:44  Drone x4  
  42  4:45  Drone x2  
  51  4:46  Queen  
  51  4:47  Drone  
  54  5:17  Overlord x2  
  54  5:18  Overlord  
  54  5:24  Drone x2  
  49  5:37  Zergling x6  
  49  5:38  Zergling x12  
  58  5:45  Spine Crawler  
  57  6:01  Overlord x2  
  57  6:02  Drone x2  
  59  6:11  Mutalisk x9  
  75  6:21  Roach Warren  
  75  6:23  Drone x2  
  75  6:24  Evolution Chamber  
  75  6:25  Evolution Chamber  
  74  6:28  Drone x4  
  74  6:31  Zerg Flyer Weapons Level 1  
  78  6:52  Zerg Missile Weapons Level 1  
  78  6:53  Zerg Ground Armor Level 1  
  78  6:58  Drone  
  78  6:59  Drone x5, Extractor  
  78  7:00  Extractor  
  72  7:40  Glial Reconstitution  
  67  7:45  Roach  
  67  7:46  Roach x18  
  103  8:11  Queen  
  88  8:33  Drone x3  
  89  8:34  Drone x3  
  92  8:43  Hydralisk Den  
  91  8:51  Drone  
  92  8:58  Zerg Missile Weapons Level 2  
  92  8:59  Zerg Ground Armor Level 2  
  92  9:01  Infestation Pit  
  91  9:03  Drone  
  92  9:14  Hydralisk  
  92  9:15  Hydralisk x3, Roach x2  
  92  9:16  Roach  
  106  9:18  Overlord x4  
  106  9:26  Muscular Augments  
  106  9:58  Hydralisk x3  
  106  9:59  Hydralisk x5, Roach x5  
  134  10:00  Roach x3  
  134  10:01  Overlord x5  
  120  10:37  Grooved Spines  
  120  10:40  Hydralisk x5  
  120  10:41  Hydralisk, Roach x5  
  142  10:58  Hive  
  142  11:16  Hatchery  
  141  11:53  Hydralisk  
  141  11:54  Hydralisk x7, Roach x3  
  141  11:55  Hydralisk x2, Roach x6  
  177  12:12  Greater Spire  
  177  12:16  Overlord x3  
  177  12:17  Overlord x2  
  177  12:27  Overlord x2  
  177  12:28  Queen  
  179  12:38  Pneumatized Carapace  
  179  12:49  Corruptor x2  
  179  12:50  Corruptor x5  
  193  13:20  Zerg Missile Weapons Level 3  
  193  13:21  Zerg Ground Armor Level 3  
  193  13:24  Corruptor x3  
  199  13:29  Overseer  
  199  14:05  Zergling x2  
  184  14:48  Brood Lord x5  
  184  14:49  Brood Lord  
  196  14:53  Queen  
  198  15:40  Zergling x6  
Tags
 
Add a new tag
Caveats
  • Supply blocks, unpowered buildings, or Contaminate may cause inaccurate times.
  • Supply counts are checked every 10 seconds.